 Dungeon Crawl Stone Soup version 0.29.0-4-gdea44cf6ec (webtiles) character file.

Game seed: 15895702217355510730

29082 qw the Severer (level 13, -3/125 HPs)
             Began as a Minotaur Berserker on Sept 9, 2022.
             Was an Elder of Trog.
             Slain by a death yak (13 damage)
             ... on level 5 of the Lair of Beasts.
             The game lasted 00:04:51 (15655 turns).

qw the Severer (Minotaur Berserker)                Turns: 15655, Time: 00:04:52

Health: -3/125     AC: 18    Str: 27    XL:     13   Next: 13%
Magic:  0/12       EV: 15    Int:  8    God:    Trog [****..]
Gold:   395        SH:  6    Dex: 14    Spells: 12/12 levels left

rFire   . . .      SeeInvis .   Y - +1 war axe
rCold   . . .      Faith    .   b - +0 buckler
rNeg    . . .      Spirit   +   s - +7 ring mail of Inviolability {Int+4 Dex+4 Slay+3 Stlth+}
rPois   +          Reflect  .   a - +2 hat
rElec   .          Harm     .   (no cloak)
rCorr   .          Rampage  .   q - +0 pair of gloves
Will    .....                   h - +0 pair of boots
Stlth   ++........              l - amulet of guardian spirit
HPRegen 0.30/turn               n - ring of poison resistance
MPRegen 0.13/turn               (no ring)

@: about to teleport, on berserk cooldown, slowed, very slow
A: horns 2, retaliatory headbutt
a: Renounce Religion, Berserk, Trog's Hand, Brothers in Arms


You were on level 5 of the Lair of Beasts.
You worshipped Trog.
Trog was greatly pleased with you.
You visited 2 branches of the dungeon, and saw 13 of its levels.

You collected 755 gold pieces.
You spent 360 gold pieces at shops.


Innate Abilities, Weirdness & Mutations

You have a pair of horns on your head.
You reflexively headbutt those who attack you in melee.


   Skills:
 + Level 14.4 Fighting
 - Level 16.2 Axes
 - Level 6.1 Throwing
 - Level 7.1 Armour
 - Level 9.0 Dodging
 - Level 9.1 Shields


You had 12 spell levels left.
You didn't know any spells.
Your spell library was empty.

Inventory:

Hand Weapons
 g - a +0 morningstar
 Y - a +1 war axe (weapon)
Missiles
 i - 7 javelins (quivered)
 k - 5 boomerangs
Armour
 a - a +2 hat (worn)
 b - a +0 buckler (worn)
 h - a +0 pair of boots (worn)
 q - a +0 pair of gloves (worn)
 s - the +7 ring mail of Inviolability (worn) {Int+4 Dex+4 Slay+3 Stlth+}
   (You found it on level 1 of the Lair of Beasts)

   Int:       It affects your intelligence (+4).
   Dex:       It affects your dexterity (+4).
   Slay:      It affects your accuracy & damage with ranged weapons and melee
   (+3).
   Stlth:     It makes you more stealthy.
Jewellery
 j - a ring of resist corrosion
 l - an amulet of guardian spirit (around neck)
 n - a ring of poison resistance (left hand)
Scrolls
 p - 6 scrolls of identify
 r - 2 scrolls of teleportation
Potions
 c - 3 potions of haste
 d - a potion of mutation
 e - 6 potions of curing
 m - a potion of cancellation
 o - a potion of resistance

Dungeon Overview and Level Annotations

Branches:
Dungeon (8/15)             Temple (0/1) D:6            Lair (5/5) D:8
 Shoals (0/4) Lair:2       Spider (0/4) Lair:2        Slime (0/5) Lair:5

Altars:
Dithmenos
Makhleb
Sif Muna
Jiyva

Shops:
D:7 =

Annotations:
D:2 1 runed translucent door, Crazy Yiuf
Lair:5 Nessos


Message History

You hit Nessos but do no damage.
Nessos is moderately wounded.
You hit the death yak. You slash the death yak!
You feel sick. Nessos hits you but does no damage. Nessos kicks you.
Nessos closely misses you. Nessos misses you. The death yak misses you.
You slash Nessos! Your headbutt misses Nessos.
Nessos is moderately wounded.
You hit the death yak but do no damage. You slash the death yak!
You barely miss the death yak.
You feel sick.
Nessos gestures wildly while chanting.
Nessos blinks!
The death yak barely misses you.
The death yak gores you but does no damage.
The death yak gores you!
Nessos pounds the earth with their hooves.
You slice the death yak!!
The death yak is heavily wounded.
You hit the death yak but do no damage. You slash the death yak!
You feel sick. The death yak gores you. The death yak closely misses you.
The death yak gores you!
15654 ||| READING 3 scrolls of teleportation.
As you read the scroll of teleportation, it crumbles to dust.
You feel strangely unstable.
You feel sick.
Nessos casts a spell.
Nessos blinks!
The death yak barely misses you.
The death yak gores you but does no damage.
The death yak misses you.
15655 ||| DRINKING potion of heal wounds.
You feel much better.
You feel sick.
You are no longer poisoned.
The death yak gores you. The death yak gores you! x2
The death yak gores you but does no damage.
Nessos mumbles some strange words.
Nessos blinks!
The death yak misses you. You furiously retaliate!
You headbutt the death yak, but do no damage.
The death yak gores you but does no damage.
The death yak gores you!
You die...

####### ########..#P.####
#
####.#.....##....#.##P#.P
...#.......#......%...P.P
..........#.......%..$~~~
........^##......Y...~~~.
................@Y¤..~(7Y
####...........¤YYY...~~~
# #####............P~~~~
###########...~c~~
#...~~~ .P~~. .~~.~ ....


You could see 5 death yaks and Nessos (fast).

Vanquished Creatures
  2 hydras (Lair:5)
  A catoblepas (Lair:2)
  Urug (Lair:4)
  An oklob plant (Lair:3)
  6 elephants (Lair:4)
  3 black mambas
  Joseph (D:8)
  5 cane toads
  4 komodo dragons
  Maggie (D:6)
  4 polar bears
  2 hornets (Lair:5)
  A slime creature (Lair:5)
  23 blink frogs
  13 dream sheep
  Sigmund (D:2)
  34 yaks
  7 wyverns (Lair:5)
  2 steam dragons
  11 water moccasins
  5 black bears
  A sky beast (D:8)
  A wolf (Lair:5)
  10 centaurs
  3 ogres (D:6)
  9 bullfrogs
  A gnoll sergeant (D:8)
  A necrophage (D:5)
  6 scorpions
  3 wights (D:8)
  6 killer bees (D:7)
  A howler monkey (D:8)
  A lava snake (Lair:2)
  5 orc priests
  5 jellies
  5 hounds
  A gnoll bouda (Lair:2)
  2 orc wizards
  4 iguanas
  3 gnolls (D:8)
  8 adders
  A shadow imp (D:8)
  A white imp (D:5)
  5 worms
  6 dart slugs
  26 orcs
  6 ball pythons
  10 endoplasms
  4 giant cockroaches
  6 goblins
  14 hobgoblins
  6 jackals
  6 kobolds
  2 quokkas
  6 bats
  5 frilled lizards
  10 rats
318 creatures vanquished.

Vanquished Creatures (collateral kills)
  A hydra (Lair:4)
  A dream sheep (Lair:5)
  A wyvern (Lair:5)
3 creatures vanquished.

Vanquished Creatures (others)
  22 fungi
  50 plants
72 creatures vanquished.

Grand Total: 393 creatures vanquished

Notes
Turn   | Place    | Note
-------+----------+-------------------------------------------
     0 | D:1      | qw the Minotaur Berserker began the quest for the Orb.
     0 | D:1      | Reached XP level 1. HP: 19/19 MP: 0/0
     0 | D:1      | 0 ||| qw: Version: 0.1-a-113-g051387a
     0 | D:1      | 0 ||| qw: Game counter: 7198
     0 | D:1      | 0 ||| qw: Always use a shield: true
     0 | D:1      | 0 ||| qw: Do Orc after D:15 true
     0 | D:1      | 0 ||| qw: Do second Lair branch before Depths: true
     0 | D:1      | 0 ||| qw: Lair rune preference: random
     0 | D:1      | 0 ||| qw: Plans: Normal
     0 | D:1      | 0 ||| PLANNING D:1-11
   108 | D:1      | Reached skill level 4 in Axes
   168 | D:1      | Reached XP level 2. HP: 26/26 MP: 1/1
   176 | D:1      | 176 ||| Stepping ~*~*~tactically~*~*~ (hiding).
   307 | D:1      | 307 ||| Stepping ~*~*~tactically~*~*~ (stealth).
   310 | D:1      | 310 ||| Stepping ~*~*~tactically~*~*~ (stealth).
   401 | D:1      | Found a faded altar of an unknown god.
   414 | D:1      | 414 ||| Stepping ~*~*~tactically~*~*~ (stealth).
   508 | D:1      | Reached ** piety under Trog
   509 | D:1      | Reached skill level 5 in Axes
   592 | D:1      | Reached XP level 3. HP: 31/31 MP: 2/2
  1144 | D:1      | 1144 ||| DROPPING amulet of magic regeneration.
  1145 | D:1      | 1145 ||| READING scroll labelled EGUALI XAAGRAENOA.
  1178 | D:2      | 1178 ||| STAIRDANCE
  1335 | D:2      | Reached skill level 6 in Axes
  1335 | D:2      | Reached XP level 4. HP: 24/39 MP: 3/3
  1549 | D:2      | 1549 ||| DROPPING +0 club.
  1639 | D:2      | 1639 ||| SWAPPING to +0 war axe.
  1653 | D:2      | 1653 ||| DROPPING +0 hand axe.
  1853 | D:2      | Noticed Sigmund
  1854 | D:2      | 1854 ||| Stepping ~*~*~tactically~*~*~ (hiding).
  1859 | D:2      | 1859 ||| INVOKING Berserk.
  1864 | D:2      | Killed Sigmund
  1865 | D:2      | Reached skill level 8 in Axes
  1865 | D:2      | Reached XP level 5. HP: 37/45 MP: 4/4
  1865 | D:2      | 1865 ||| STAIRDANCE
  1986 | D:1      | 1986 ||| UPGRADING to +0 ring mail.
  1996 | D:1      | 1996 ||| DROPPING +0 animal skin.
  1997 | D:1      | 1997 ||| READING scroll labelled NOFIR WEOMUF.
  1998 | D:1      | 1998 ||| DRINKING 2 amethyst potions.
  1999 | D:1      | 1999 ||| DROPPING potion of attraction.
  2119 | D:2      | Found a runed translucent door.
  2120 | D:2      | Noticed Crazy Yiuf
  2270 | D:2      | 2270 ||| UPGRADING to +2 hat.
  2275 | D:2      | 2275 ||| UPGRADING to +0 scale mail.
  2285 | D:2      | 2285 ||| UPGRADING to +0 pair of boots.
  2290 | D:2      | 2290 ||| DROPPING +0 ring mail.
  2314 | D:3      | Reached XP level 6. HP: 50/52 MP: 5/5
  2343 | D:3      | 2343 ||| Stepping ~*~*~tactically~*~*~ (hiding).
  2344 | D:3      | 2344 ||| Stepping ~*~*~tactically~*~*~ (hiding).
  2346 | D:3      | 2346 ||| Stepping ~*~*~tactically~*~*~ (hiding).
  2349 | D:3      | 2349 ||| Stepping ~*~*~tactically~*~*~ (hiding).
  2352 | D:3      | 2352 ||| INVOKING Berserk.
  2390 | D:3      | 2390 ||| FLEEEEING.
  2391 | D:3      | 2391 ||| FLEEEEING.
  2392 | D:3      | 2392 ||| FLEEEEING.
  2393 | D:3      | 2393 ||| STAIRDANCE
  2553 | D:3      | 2553 ||| Stepping ~*~*~tactically~*~*~ (stealth).
  2613 | D:3      | 2613 ||| Stepping ~*~*~tactically~*~*~ (stealth).
  2614 | D:3      | 2614 ||| Stepping ~*~*~tactically~*~*~ (stealth).
  2616 | D:3      | 2616 ||| Stepping ~*~*~tactically~*~*~ (stealth).
  2617 | D:3      | 2617 ||| Stepping ~*~*~tactically~*~*~ (stealth).
  2630 | D:3      | 2630 ||| INVOKING Berserk.
  2914 | D:3      | Reached *** piety under Trog
  3115 | D:3      | 3115 ||| READING 2 scrolls labelled UTAMU DIBRYQOI.
  3116 | D:3      | 3116 ||| READING scroll labelled JID EBUIGG.
  3119 | D:3      | 3119 ||| READING scroll labelled TEMECE TAOM.
  3120 | D:3      | 3120 ||| DRINKING 2 emerald potions.
  3121 | D:3      | 3121 ||| DROPPING scroll of noise.
  3166 | D:4      | Reached skill level 9 in Axes
  3166 | D:4      | 3166 ||| DROPPING +0 mace.
  3332 | D:4      | 3332 ||| DROPPING +0 flail.
  3354 | D:4      | 3354 ||| Stepping ~*~*~tactically~*~*~ (hiding).
  3360 | D:4      | 3360 ||| INVOKING Berserk.
  3365 | D:4      | Reached XP level 7. HP: 60/60 MP: 6/6
  3544 | D:4      | Found a burning altar of Makhleb.
  3560 | D:4      | 3560 ||| FLEEEEING.
  3571 | D:4      | 3571 ||| INVOKING Berserk.
  3620 | D:4      | 3620 ||| FLEEEEING.
  3627 | D:4      | 3627 ||| INVOKING Berserk.
  3653 | D:4      | 3653 ||| Stepping ~*~*~tactically~*~*~ (stealth).
  3656 | D:4      | 3656 ||| Stepping ~*~*~tactically~*~*~ (stealth).
  3678 | D:4      | 3678 ||| FLEEEEING.
  4128 | D:4      | Reached skill level 10 in Axes
  4328 | D:4      | 4328 ||| UPGRADING to +0 chain mail.
  4338 | D:4      | 4338 ||| DROPPING +0 scale mail.
  4339 | D:4      | 4339 ||| UPGRADING to ring of poison resistance.
  4340 | D:4      | 4340 ||| READING scroll labelled DYT TUDDYFABB.
  4341 | D:4      | 4341 ||| DRINKING 2 cyan potions.
  4392 | D:5      | Entered Level 5 of the Dungeon
  4441 | D:5      | Reached skill level 3 in Armour
  4519 | D:5      | 4519 ||| INVOKING Berserk.
  4521 | D:5      | Reached skill level 1 in Throwing
  4967 | D:5      | 4967 ||| INVOKING Berserk.
  4972 | D:5      | Reached skill level 6 in Fighting
  5335 | D:5      | 5335 ||| READING scroll labelled FISIQAU FESMEUTAE.
  5345 | D:6      | Reached XP level 8. HP: 69/70 MP: 7/7
  5400 | D:6      | 5400 ||| INVOKING Berserk.
  5594 | D:6      | 5594 ||| INVOKING Berserk.
  5597 | D:6      | Reached skill level 11 in Axes
  5748 | D:6      | 5748 ||| INVOKING Berserk.
  5863 | D:6      | 5863 ||| Stepping ~*~*~tactically~*~*~ (hiding).
  5864 | D:6      | 5864 ||| Stepping ~*~*~tactically~*~*~ (hiding).
  5915 | D:6      | 5915 ||| Stepping ~*~*~tactically~*~*~ (hiding).
  5923 | D:6      | 5923 ||| INVOKING Berserk.
  5924 | D:6      | Noticed Maggie
  5934 | D:6      | Reached skill level 12 in Axes
  5935 | D:6      | Killed Maggie
  5937 | D:6      | Reached XP level 9. HP: 79/79 MP: 8/8
  6284 | D:6      | Found a staircase to the Ecumenical Temple.
  6287 | D:6      | Identified the +8 dagger of Wiff {chaos, rElec}
  6288 | D:6      | 6288 ||| READING scroll labelled INOIGR UHERPH.
  6289 | D:6      | 6289 ||| READING 5 scrolls of identify.
  6289 | D:6      | 6289 ||| IDENTIFYING white potion
  6290 | D:6      | 6290 ||| READING 4 scrolls of identify.
  6290 | D:6      | 6290 ||| IDENTIFYING clear potion
  6291 | D:6      | 6291 ||| READING 3 scrolls of identify.
  6291 | D:6      | 6291 ||| IDENTIFYING lumpy green potion
  6292 | D:6      | 6292 ||| READING 2 scrolls of identify.
  6292 | D:6      | 6292 ||| IDENTIFYING pink potion
  6293 | D:6      | 6293 ||| DROPPING potion of degeneration.
  6294 | D:6      | 6294 ||| DROPPING potion of lignification.
  6295 | D:6      | 6295 ||| DROPPING potion of invisibility.
  6418 | D:7      | Identified the +1 ring mail "Reashaf" {rF+}
  6431 | D:7      | 6431 ||| INVOKING Berserk.
  6565 | D:7      | Reached skill level 13 in Axes
  6711 | D:7      | Found Riyl's Jewellery Shoppe.
  6723 | D:7      | 6723 ||| SHOPLISTING amulet "Qiaxammi" {Reflect rPois rCorr
                  | Dex+4 SH+5} (662 gold, have 390).
  6723 | D:7      | 6723 ||| BUYING amulet of guardian spirit (360 gold).
  6723 | D:7      | Bought an amulet of guardian spirit for 360 gold pieces
  6723 | D:7      | 6723 ||| SHOPLISTING amulet of regeneration (360 gold, have
                  | 30).
  6723 | D:7      | 6723 ||| SHOPLISTING ring of fire (300 gold, have 30).
  6747 | D:7      | 6747 ||| Stepping ~*~*~tactically~*~*~ (cloud).
  6749 | D:7      | 6749 ||| INVOKING Berserk.
  7287 | D:7      | 7287 ||| UPGRADING to amulet of guardian spirit.
  7292 | D:7      | 7292 ||| READING scroll labelled DURUKH LOEROTI.
  7393 | D:7      | 7393 ||| READING scroll labelled OCHUHA MOLEY.
  7394 | D:7      | 7394 ||| READING scroll labelled MIATIP OD NEASCH.
  7395 | D:7      | 7395 ||| DRINKING 2 fizzy coppery potions.
  7396 | D:7      | 7396 ||| READING 2 scrolls of identify.
  7396 | D:7      | 7396 ||| IDENTIFYING black potion
  7397 | D:7      | 7397 ||| DROPPING potion of flight.
  7590 | D:8      | 7590 ||| Stepping ~*~*~tactically~*~*~ (hiding).
  7628 | D:8      | 7628 ||| Stepping ~*~*~tactically~*~*~ (stealth).
  7646 | D:8      | 7646 ||| Stepping ~*~*~tactically~*~*~ (stealth).
  7647 | D:8      | 7647 ||| Stepping ~*~*~tactically~*~*~ (stealth).
  7649 | D:8      | 7649 ||| Stepping ~*~*~tactically~*~*~ (stealth).
  7653 | D:8      | 7653 ||| Stepping ~*~*~tactically~*~*~ (stealth).
  7658 | D:8      | 7658 ||| Stepping ~*~*~tactically~*~*~ (hiding).
  7659 | D:8      | 7659 ||| Stepping ~*~*~tactically~*~*~ (hiding).
  7660 | D:8      | 7660 ||| Stepping ~*~*~tactically~*~*~ (hiding).
  7661 | D:8      | 7661 ||| Stepping ~*~*~tactically~*~*~ (hiding).
  7662 | D:8      | 7662 ||| Stepping ~*~*~tactically~*~*~ (hiding).
  7672 | D:8      | 7672 ||| FLEEEEING.
  7673 | D:8      | 7673 ||| FLEEEEING.
  7674 | D:8      | 7674 ||| FLEEEEING.
  7675 | D:8      | 7675 ||| FLEEEEING.
  7676 | D:8      | 7676 ||| FLEEEEING.
  7677 | D:8      | 7677 ||| FLEEEEING.
  7678 | D:8      | 7678 ||| FLEEEEING.
  7679 | D:8      | 7679 ||| FLEEEEING.
  7680 | D:8      | 7680 ||| FLEEEEING.
  7681 | D:8      | 7681 ||| FLEEEEING.
  7682 | D:8      | 7682 ||| FLEEEEING.
  7683 | D:8      | 7683 ||| FLEEEEING.
  7684 | D:8      | 7684 ||| FLEEEEING.
  7685 | D:8      | 7685 ||| FLEEEEING.
  7686 | D:8      | 7686 ||| FLEEEEING.
  7687 | D:8      | 7687 ||| FLEEEEING.
  7688 | D:8      | 7688 ||| FLEEEEING.
  7689 | D:8      | 7689 ||| FLEEEEING.
  7690 | D:8      | 7690 ||| FLEEEEING.
  7691 | D:8      | 7691 ||| FLEEEEING.
  7692 | D:8      | 7692 ||| FLEEEEING.
  7693 | D:8      | 7693 ||| FLEEEEING.
  7694 | D:8      | 7694 ||| FLEEEEING.
  7695 | D:8      | 7695 ||| FLEEEEING.
  7696 | D:8      | 7696 ||| FLEEEEING.
  7701 | D:8      | Reached **** piety under Trog
  7770 | D:8      | Found a staircase to the Lair.
  7935 | D:8      | Noticed Joseph
  7936 | D:8      | 7936 ||| Stepping ~*~*~tactically~*~*~ (hiding).
  7951 | D:8      | Killed Joseph
  8239 | D:8      | 8239 ||| Stepping ~*~*~tactically~*~*~ (hiding).
  8248 | D:8      | Reached skill level 14 in Axes
  8254 | D:8      | Reached skill level 3 in Dodging
  8259 | D:8      | 8259 ||| Stepping ~*~*~tactically~*~*~ (hiding).
  8418 | D:8      | Found a shadowy altar of Dithmenos.
  8538 | D:8      | 8538 ||| PLANNING LAIR
  8538 | D:8      | 8538 ||| UPGRADING to +0 buckler.
  8543 | D:8      | 8543 ||| READING scroll labelled REPHI NEXTEUWU.
  8544 | D:8      | 8544 ||| READING 2 scrolls of identify.
  8544 | D:8      | 8544 ||| IDENTIFYING viscous blue potion
  8545 | D:8      | 8545 ||| DROPPING potion of ambrosia.
  8611 | Lair:1   | Entered Level 1 of the Lair of Beasts
  8646 | Lair:1   | 8646 ||| DROPPING +3 hand axe.
  8656 | Lair:1   | 8656 ||| INVOKING Berserk.
  8666 | Lair:1   | Reached skill level 3 in Shields
  8666 | Lair:1   | Reached XP level 10. HP: 88/88 MP: 7/9
  8869 | Lair:1   | 8869 ||| INVOKING Berserk.
  9035 | Lair:1   | 9035 ||| INVOKING Berserk.
  9493 | Lair:1   | Identified the +7 ring mail of Inviolability {Int+4 Dex+4
                  | Slay+3 Stlth+}
  9604 | Lair:1   | 9604 ||| DROPPING +1 ring mail "Reashaf" {rF+}.
  9605 | Lair:1   | 9605 ||| UPGRADING to +0 pair of gloves.
  9610 | Lair:1   | 9610 ||| UPGRADING to +7 ring mail of Inviolability {Int+4
                  | Dex+4 Slay+3 Stlth+}.
  9620 | Lair:1   | 9620 ||| DROPPING +0 chain mail.
  9621 | Lair:1   | 9621 ||| READING scroll labelled URYTHRED MIHORCHU.
  9657 | Lair:2   | 9657 ||| FLEEEEING.
  9658 | Lair:2   | 9658 ||| STAIRDANCE
  9722 | Lair:2   | 9722 ||| STAIRDANCE
  9728 | Lair:1   | Reached skill level 15 in Axes
  9743 | Lair:2   | 9743 ||| STAIRDANCE
  9752 | Lair:2   | 9752 ||| STAIRDANCE
  9764 | Lair:1   | Reached skill level 9 in Fighting
  9908 | Lair:2   | 9908 ||| Stepping ~*~*~tactically~*~*~ (cloud).
  9991 | Lair:2   | 9991 ||| INVOKING Berserk.
 10149 | Lair:2   | 10149 ||| Stepping ~*~*~tactically~*~*~ (stealth).
 10151 | Lair:2   | 10151 ||| Stepping ~*~*~tactically~*~*~ (stealth).
 10152 | Lair:2   | 10152 ||| Stepping ~*~*~tactically~*~*~ (stealth).
 10154 | Lair:2   | 10154 ||| Stepping ~*~*~tactically~*~*~ (stealth).
 10176 | Lair:2   | Found a hole to the Spider Nest.
 10306 | Lair:2   | Noticed a cane toad
 10310 | Lair:2   | 10310 ||| INVOKING Berserk.
 10315 | Lair:2   | Killed a cane toad
 10388 | Lair:2   | Noticed a catoblepas
 10388 | Lair:2   | Noticed a black mamba
 10389 | Lair:2   | 10389 ||| INVOKING Berserk.
 10394 | Lair:2   | Killed a catoblepas
 10395 | Lair:2   | Reached skill level 16 in Axes
 10395 | Lair:2   | Reached XP level 11. HP: 97/97 MP: 10/10
 10401 | Lair:2   | Reached skill level 6 in Shields
 10547 | Lair:2   | 10547 ||| INVOKING Berserk.
 10658 | Lair:2   | Found a staircase to the Shoals.
 10870 | Lair:2   | 10870 ||| INVOKING Berserk.
 11050 | Lair:2   | 11050 ||| READING scroll labelled VOWNOH JIS BEQ.
 11446 | Lair:3   | 11446 ||| Stepping ~*~*~tactically~*~*~ (stealth).
 11447 | Lair:3   | 11447 ||| Stepping ~*~*~tactically~*~*~ (stealth).
 11450 | Lair:3   | 11450 ||| Stepping ~*~*~tactically~*~*~ (stealth).
 11452 | Lair:3   | 11452 ||| Stepping ~*~*~tactically~*~*~ (stealth).
 11454 | Lair:3   | 11454 ||| Stepping ~*~*~tactically~*~*~ (stealth).
 11465 | Lair:3   | Reached skill level 3 in Throwing
 11581 | Lair:3   | Noticed an oklob plant
 11587 | Lair:3   | 11587 ||| INVOKING Berserk.
 11592 | Lair:3   | Killed an oklob plant
 11782 | Lair:3   | Found a shimmering blue altar of Sif Muna.
 11794 | Lair:3   | HP: 22/99 [centaur/arrow (3)]
 11795 | Lair:3   | 11795 ||| READING 4 scrolls of teleportation.
 12189 | Lair:3   | 12189 ||| Stepping ~*~*~tactically~*~*~ (hiding).
 12296 | Lair:3   | 12296 ||| Stepping ~*~*~tactically~*~*~ (stealth).
 12298 | Lair:3   | 12298 ||| Stepping ~*~*~tactically~*~*~ (stealth).
 12333 | Lair:3   | HP: 22/99 [centaur/arrow (8)]
 12334 | Lair:3   | 12334 ||| READING 3 scrolls of teleportation.
 12817 | Lair:3   | 12817 ||| READING 3 scrolls of identify.
 12817 | Lair:3   | 12817 ||| IDENTIFYING murky white potion
 12841 | Lair:4   | 12841 ||| Stepping ~*~*~tactically~*~*~ (stealth).
 12843 | Lair:4   | 12843 ||| Stepping ~*~*~tactically~*~*~ (stealth).
 12851 | Lair:4   | Reached skill level 6 in Dodging
 12856 | Lair:4   | 12856 ||| FLEEEEING.
 12862 | Lair:4   | 12862 ||| STAIRDANCE
 12908 | Lair:4   | Noticed Urug
 12913 | Lair:4   | 12913 ||| INVOKING Berserk.
 12918 | Lair:4   | Killed Urug
 13341 | Lair:4   | 13341 ||| Stepping ~*~*~tactically~*~*~ (stealth).
 13362 | Lair:4   | 13362 ||| INVOKING Berserk.
 13595 | Lair:4   | Noticed a six-headed hydra
 13596 | Lair:4   | 13596 ||| INVOKING Brothers in Arms.
 13597 | Lair:4   | 13597 ||| INVOKING Brothers in Arms.
 13600 | Lair:4   | 13600 ||| SWAPPING to +0 morningstar.
 13601 | Lair:4   | 13601 ||| INVOKING Berserk.
 13603 | Lair:4   | Killed a six-headed hydra
 13604 | Lair:4   | Reached skill level 6 in Armour
 13623 | Lair:4   | 13623 ||| SWAPPING to +1 war axe.
 13783 | Lair:4   | Identified the +6 rapier "Muefuusu" {venom, Int+10}
 13808 | Lair:4   | 13808 ||| Stepping ~*~*~tactically~*~*~ (stealth).
 13819 | Lair:4   | 13819 ||| INVOKING Berserk.
 13971 | Lair:4   | 13971 ||| INVOKING Berserk.
 13974 | Lair:4   | Reached XP level 12. HP: 110/110 MP: 11/11
 14359 | Lair:4   | 14359 ||| DROPPING amulet of faith.
 14392 | Lair:5   | Entered Level 5 of the Lair of Beasts
 14394 | Lair:5   | 14394 ||| STAIRDANCE
 14399 | Lair:5   | 14399 ||| STAIRDANCE
 14454 | Lair:5   | 14454 ||| STAIRDANCE
 14456 | Lair:4   | 14456 ||| INVOKING Berserk.
 14461 | Lair:4   | Reached skill level 12 in Fighting
 14569 | Lair:5   | Found a staircase to the Slime Pits.
 14569 | Lair:5   | Found a viscous altar of Jiyva.
 14572 | Lair:5   | 14572 ||| STAIRDANCE
 14582 | Lair:5   | 14582 ||| STAIRDANCE
 14686 | Lair:5   | 14686 ||| Stepping ~*~*~tactically~*~*~ (stealth).
 14687 | Lair:5   | 14687 ||| Stepping ~*~*~tactically~*~*~ (stealth).
 14689 | Lair:5   | Noticed a four-headed hydra
 14690 | Lair:5   | 14690 ||| Stepping ~*~*~tactically~*~*~ (stealth).
 14692 | Lair:5   | 14692 ||| INVOKING Brothers in Arms.
 14693 | Lair:5   | 14693 ||| INVOKING Brothers in Arms.
 14695 | Lair:5   | 14695 ||| SWAPPING to +0 morningstar.
 14699 | Lair:5   | 14699 ||| INVOKING Brothers in Arms.
 14700 | Lair:5   | 14700 ||| INVOKING Brothers in Arms.
 14701 | Lair:5   | 14701 ||| INVOKING Berserk.
 14703 | Lair:5   | Killed a four-headed hydra
 14711 | Lair:5   | 14711 ||| SWAPPING to +1 war axe.
 14756 | Lair:5   | 14756 ||| Stepping ~*~*~tactically~*~*~ (stealth).
 14759 | Lair:5   | 14759 ||| INVOKING Berserk.
 14797 | Lair:5   | Noticed a six-headed hydra
 14798 | Lair:5   | 14798 ||| INVOKING Brothers in Arms.
 14799 | Lair:5   | 14799 ||| INVOKING Brothers in Arms.
 14800 | Lair:5   | 14800 ||| INVOKING Brothers in Arms.
 14801 | Lair:5   | 14801 ||| SWAPPING to +0 morningstar.
 14803 | Lair:5   | Killed a six-headed hydra
 14804 | Lair:5   | 14804 ||| SWAPPING to +1 war axe.
 14839 | Lair:5   | 14839 ||| Stepping ~*~*~tactically~*~*~ (stealth).
 14840 | Lair:5   | 14840 ||| Stepping ~*~*~tactically~*~*~ (stealth).
 14844 | Lair:5   | 14844 ||| INVOKING Berserk.
 14863 | Lair:5   | Reached skill level 6 in Throwing
 14914 | Lair:5   | 14914 ||| Stepping ~*~*~tactically~*~*~ (stealth).
 14975 | Lair:5   | 14975 ||| Stepping ~*~*~tactically~*~*~ (stealth).
 14977 | Lair:5   | 14977 ||| Stepping ~*~*~tactically~*~*~ (stealth).
 14978 | Lair:5   | 14978 ||| Stepping ~*~*~tactically~*~*~ (stealth).
 14981 | Lair:5   | 14981 ||| Stepping ~*~*~tactically~*~*~ (stealth).
 14985 | Lair:5   | 14985 ||| Stepping ~*~*~tactically~*~*~ (stealth).
 14987 | Lair:5   | 14987 ||| Stepping ~*~*~tactically~*~*~ (stealth).
 14988 | Lair:5   | 14988 ||| Stepping ~*~*~tactically~*~*~ (stealth).
 14989 | Lair:5   | 14989 ||| Stepping ~*~*~tactically~*~*~ (stealth).
 15015 | Lair:5   | Reached skill level 9 in Shields
 15021 | Lair:5   | 15021 ||| Stepping ~*~*~tactically~*~*~ (stealth).
 15022 | Lair:5   | 15022 ||| Stepping ~*~*~tactically~*~*~ (stealth).
 15024 | Lair:5   | 15024 ||| Stepping ~*~*~tactically~*~*~ (stealth).
 15198 | Lair:5   | 15198 ||| Stepping ~*~*~tactically~*~*~ (stealth).
 15222 | Lair:5   | 15222 ||| INVOKING Berserk.
 15243 | Lair:5   | 15243 ||| Stepping ~*~*~tactically~*~*~ (stealth).
 15274 | Lair:5   | 15274 ||| Stepping ~*~*~tactically~*~*~ (stealth).
 15361 | Lair:5   | 15361 ||| Stepping ~*~*~tactically~*~*~ (stealth).
 15378 | Lair:5   | Reached XP level 13. HP: 124/124 MP: 12/12
 15397 | Lair:5   | 15397 ||| Stepping ~*~*~tactically~*~*~ (stealth).
 15403 | Lair:5   | 15403 ||| Stepping ~*~*~tactically~*~*~ (stealth).
 15407 | Lair:5   | 15407 ||| Stepping ~*~*~tactically~*~*~ (stealth).
 15409 | Lair:5   | 15409 ||| Stepping ~*~*~tactically~*~*~ (stealth).
 15411 | Lair:5   | 15411 ||| Stepping ~*~*~tactically~*~*~ (stealth).
 15417 | Lair:5   | 15417 ||| Stepping ~*~*~tactically~*~*~ (stealth).
 15418 | Lair:5   | 15418 ||| Stepping ~*~*~tactically~*~*~ (stealth).
 15495 | Lair:5   | 15495 ||| INVOKING Berserk.
 15497 | Lair:5   | Reached skill level 9 in Dodging
 15626 | Lair:5   | Noticed Nessos
 15628 | Lair:5   | 15628 ||| Stepping ~*~*~tactically~*~*~ (hiding).
 15631 | Lair:5   | 15631 ||| INVOKING Berserk.
 15653 | Lair:5   | HP: 26/125 [death yak (12)]
 15654 | Lair:5   | 15654 ||| READING 3 scrolls of teleportation.
 15655 | Lair:5   | 15655 ||| DRINKING potion of heal wounds.
 15655 | Lair:5   | HP: 10/125 [death yak (15)]
 15655 | Lair:5   | Slain by a death yak

Levels and vault maps discovered:
D:1:      elethiomel_arrival_maze, layout_loops_ring, basic_ecumenical_altar,
          minmay_misc_feat_hallway
D:2:      layout_basic, chequers_mini_garden, uniq_crazy_yiuf_cottage,
          uniq_sigmund
D:3:      layout_rooms
D:4:      layout_basic, mainiacjoe_overflow_chevrons
D:5:      layout_loops_ring
D:6:      layout_gridville, minmay_temple_entry_fiery, minmay_crossroads,
          uniq_maggie
D:7:      layout_basic, serial_shops,
          nicolae_shop_temple_entry_statues_fountains, minmay_crystal_room
D:8:      layout_cave_pods, mainiacjoe_overflow_six_doors_small,
          lair_entry_dummy, st_stairs_5, reono_crystal_passage, uniq_joseph
Lair:1:   layout_concentric_octagons
Lair:2:   layout_gridlike, minmay_shoals_entry_centaurs,
          nicolae_spider_entry_non_spiders, dreamdust_gnoll_shepherd,
          infiniplex_staircase_pool_2
Lair:3:   layout_chaotic_city, lemuel_centaur_altar
Lair:4:   layout_regular_city, uniq_urug
Lair:5:   hangedman_lair_tendril_chambers, layout_misc_corridors, wormcave,
          minmay_slime_entry_pillars, nicolae_volcano_entry_vermiform,
          serial_bayou_pond_b, minivault_11, uniq_nessos

Skill      XL: |  1  2  3  4  5  6  7  8  9 10 11 12 13 |
---------------+----------------------------------------+-----
Axes           | 4 5 6 8 9 10 12 14 16 | 16.2
Fighting       | 4 6 7 8 9 11 14 | 14.4
Armour         | 3 4 5 6 7 |  7.1
Throwing       | 1 5 6 |  6.1
Dodging        | 3 5 7 8 9 |  9.0
Shields        | 3 5 7 9 |  9.1

Action                   |  1- 3 |  4- 6 |  7- 9 | 10-12 | 13-15 || total
-------------------------+-------+-------+-------+-------+-------++-------
Melee: Hand axe          |    74 |     8 |       |       |       ||    82
       Headbutt          |    12 |    14 |    36 |    85 |    13 ||   160
       Punch             |     1 |     1 |       |       |       ||     2
       War axe           |       |    84 |   233 |   326 |    43 ||   686
       Morningstar       |       |       |       |     8 |       ||     8
Throw: Boomerang         |       |       |    72 |    24 |       ||    96
       Javelin           |       |       |       |    47 |     5 ||    52
Invok: Berserk           |       |     4 |    11 |    18 |     2 ||    35
       Brothers in Arms  |       |       |       |     4 |       ||     4
  Use: Scroll            |     1 |     4 |    13 |     5 |     1 ||    24
       Potion            |       |     2 |     2 |       |     1 ||     5
Armor: Animal skin       |     9 |     8 |       |       |       ||    17
       Ring mail         |       |     2 |       |   158 |    22 ||   182
       Scale mail        |       |    15 |    12 |       |       ||    27
       Chain mail        |       |       |   110 |     3 |       ||   113
Dodge: Dodged            |    39 |    45 |    99 |   210 |    25 ||   418
Block: Buckler           |       |       |     4 |    98 |    12 ||   114

Table legend:
 A = Non-vault XP
 B = Vault XP
 C = Vault XP percentage of total XP
 D = Non-vault monster count
 E = Vault monster count
 F = Vault count percentage of total count
                 A         B        C        D         E       F
            +---------+---------+-------+---------+---------+-------
      Total |   32479 |    9067 |  21.8 |     269 |      52 |  16.2
            +---------+---------+-------+---------+---------+-------
        D:1 |      60 |       0 |   0.0 |      29 |       0 |   0.0
        D:2 |      91 |     226 |  71.3 |      27 |       1 |   3.6
        D:3 |     209 |       0 |   0.0 |      24 |       0 |   0.0
        D:4 |     457 |       0 |   0.0 |      22 |       0 |   0.0
        D:5 |     330 |       0 |   0.0 |      13 |       0 |   0.0
        D:6 |    1096 |     415 |  27.5 |      19 |       2 |   9.5
        D:7 |     777 |       0 |   0.0 |      10 |       0 |   0.0
        D:8 |     705 |     714 |  50.3 |      20 |       4 |  16.7
     Lair:1 |    3146 |       0 |   0.0 |      13 |       0 |   0.0
     Lair:2 |    3215 |    1315 |  29.0 |      13 |      15 |  53.6
     Lair:3 |    2075 |     439 |  17.5 |       9 |       4 |  30.8
     Lair:4 |    7552 |     851 |  10.1 |      24 |       2 |   7.7
     Lair:5 |   12766 |    5107 |  28.6 |      46 |      24 |  34.3
            +---------+---------+-------+---------+---------+-------
